 Dungeon Crawl Stone Soup version 0.31-a0-1074-g0b22e4e0f1 (webtiles) character file.

Game seed: 5331373001007771140

0 Firecrotchwizard the Chopper (level 1, -3/19 HPs)
             Began as a Hill Orc Monk on Nov 30, 2023.
             Slain by a hobgoblin (5 damage)
             ... on level 1 of the Dungeon.
             The game lasted 00:00:11 (14 turns).

Firecrotchwizard the Chopper (Hill Orc Monk)          Turns: 14, Time: 00:00:11

Health: -3/19      AC:  2    Str: 13    XL:     1   Next: 0%
Magic:  1/1        EV: 12    Int: 10    God:
Gold:   0          SH:  0    Dex: 13    Spells: 0/0 levels left

rFire   . . .        a - +0 hand axe
rCold   . . .        d - orb {light}
rNeg    . . .        b - +0 robe
rPois   .            (no helmet)
rElec   .            (no cloak)
rCorr   .            (no gloves)
SInv    .            (no boots)
Will    .....        (no amulet)
Stlth   +            (no ring)
HPRegen 0.23/turn    (no ring)
MPRegen 0.07/turn

%: no passive effects
@: glowing
A: no striking features
a: no special abilities


You were on level 1 of the Dungeon.
You visited 1 branch of the dungeon, and saw 1 of its levels.

Inventory:

Hand Weapons
 a - a +0 hand axe (weapon)
Armour
 b - a +0 robe (worn)
 d - an orb of light (worn)
Potions
 c - a potion of ambrosia


   Skills:
 + Level 3.6 Fighting
 * Level 4.0 Axes
 - Level 2.4 Dodging


You couldn't memorise any spells.
You didn't know any spells.
Your spell library was empty.

Dungeon Overview and Level Annotations

Branches:
Dungeon (1/15)

Altars:


Message History

Lua error: /dgldir/rcfiles/crawl-git/Firecrotchwizard.rc:334: '' expected near 'end' Welcome, Firecrotchwizard the Hill Orc Monk.
The awesome Orb of Zot lies far below, as if waiting for you to find it.
Press ? for a list of commands and other information.
Found a staircase leading out of the dungeon.
You open the door.
A kobold comes into view.
It is wielding a +1 short sword of speed.
The kobold shouts!
Found 3 stones.
There is an open door here.
A hobgoblin comes into view.
Found 3 gold pieces.
The hobgoblin shouts!
The kobold throws a stone.
The stone barely misses you.
A bat comes into view.
The kobold hits you but does no damage.
You hit the kobold.
The kobold is heavily wounded.
The kobold barely misses you.
You barely miss the kobold.
The kobold is heavily wounded.
The bat barely misses you.
The kobold hits you with a +1 short sword of speed.
The kobold barely misses you.
You closely miss the kobold.
The kobold is heavily wounded.
The bat hits you but does no damage.
The kobold hits you with a +1 short sword of speed.
You hit the kobold but do no damage.
The kobold is heavily wounded.
You completely miss the bat. The bat barely misses you.
The kobold hits you with a +1 short sword of speed.
The bat hits you but does no damage.
The kobold hits you with a +1 short sword of speed.
* * * LOW HITPOINT WARNING * * *
You are too injured to fight recklessly!
You hit the kobold but do no damage.
The kobold is heavily wounded.
You hit the hobgoblin. You barely miss the bat. The bat hits you.
* * * LOW HITPOINT WARNING * * *
The kobold hits you with a +1 short sword of speed.
* * * LOW HITPOINT WARNING * * *
The hobgoblin hits you.
* * * LOW HITPOINT WARNING * * *
The kobold hits you but does no damage.
You hit the kobold.
You kill the kobold!
You hit the hobgoblin but do no damage. The bat barely misses you.
The hobgoblin hits you.
You die...

#.........#..
........$...
####..........
...........#
#.........#
#.....(...#
###....g)...#
.......@b...###
#.##..........#
###'#..#.#.#
#.#### # #.#
#.# ##.##
#####...#####
+.....<.....+


You could see a hobgoblin and a bat.

Vanquished Creatures
  A kobold (D:1)
1 creature vanquished.

Notes
Turn   | Place    | Note
-------+----------+-------------------------------------------
     0 | D:1      | Firecrotchwizard the Hill Orc Monk began the quest for the
                  | Orb.
     0 | D:1      | Reached XP level 1. HP: 19/19 MP: 1/1
    14 | D:1      | Slain by a hobgoblin

Illustrated notes

Levels and vault maps discovered:
D:1:      mrwooster_arrival_arrow, layout_rooms, kennysheep_pointless_box

Action                     || total
---------------------------++-------
  Melee: Hand axe          ||     6
 Armour: Robe              ||    12
  Dodge: Dodged            ||     6

Table legend: (Time is in decaauts)
 A = Elapsed time spent in this place.
 B = Non-inter-level travel time spent in this place.
 C = Inter-level travel time spent in this place.
 D = Time resting spent in this place.
 E = Time spent auto-exploring this place.
 F = Levels seen in this place.
 G = Mean time per level.
                   A        B        C        D        E       F      G
               +--------+--------+--------+--------+--------+-----+--------+
         Total |     14 |     14 |      0 |      0 |      5 |   1 |   14.0 |
       Dungeon |     14 |     14 |      0 |      0 |      5 |   1 |   14.0 |
               +--------+--------+--------+--------+--------+-----+--------+

Top non-repeatable levels by time:
     D:1: 14 daAuts
